Map: Pillars of Gold LE

Players

Azure

  • Race: Terran Terran
  • League: Master
  • Spawn Location: 7:00

Probe - Winner!

  • Race: Protoss Protoss
  • Spawn Location: 1:00

Event: DreamHack SC2 Masters 2020 Summer Oceania RoA

VOD

Have the link to the VOD?

Description

Time

  • Played on: June 24, 2020, 4:19 a.m.
  • Length: 13:05

All games in this series

Show
View Real Time Build Order
Export as new Build Order

Azure Terran 

Build Orders: Reaper Expand 

Get SALT Encoding   

  12  0:01  SCV  
  13  0:13  SCV  
  14  0:18  Supply Depot  
  14  0:25  SCV  
  15  0:39  SCV  
  15  0:41  Barracks  
  16  0:45  Refinery  
  16  0:51  SCV  
  17  1:04  SCV  
  18  1:16  SCV  
  19  1:28  Reaper, Orbital Command  
  20  1:46  Command Center  
  20  1:54  SCV  
  21  2:00  Marine  
  22  2:04  Supply Depot  
  22  2:06  SCV  
  23  2:15  Factory  
  23  2:25  SCV, Marine  
  25  2:32  Bunker  
  25  2:37  SCV, Refinery  
  25  2:44  Barracks Reactor  
  26  2:49  SCV  
  27  3:01  SCV  
  27  3:02  Orbital Command  
  28  3:07  Starport  
  28  3:08  Factory Tech Lab  
  28  3:14  SCV  
  29  3:20  Marine x2  
  29  3:26  SCV  
  32  3:30  SCV  
  33  3:38  SCV  
  33  3:39  Barracks  
  33  3:40  Marine  
  35  3:42  SCV  
  35  3:46  Barracks  
  36  3:50  SCV, Raven  
  36  3:52  Marine  
  36  3:54  SCV  
  40  3:55  Factory Tech Lab  
  40  3:58  Marine  
  40  4:00  Supply Depot  
  40  4:02  SCV  
  42  4:06  SCV  
  43  4:10  Engineering Bay  
  43  4:11  Marine  
  43  4:14  SCV  
  43  4:17  Marine  
  45  4:21  Supply Depot  
  45  4:22  SCV  
  47  4:26  SCV  
  48  4:32  Refinery, Marine  
  48  4:34  SCV, Marine  
  48  4:36  Stimpack  
  51  4:38  SCV, Terran Infantry Weapons Level 1  
  51  4:39  Marine  
  51  4:44  Marine  
  54  4:46  SCV  
  54  4:50  SCV, Marine  
  57  4:54  Starport Reactor, Supply Depot  
  57  4:55  Supply Depot  
  57  4:58  SCV  
  58  5:00  Marine x2  
  58  5:02  SCV, Factory Reactor  
  58  5:03  Combat Shield  
  61  5:10  SCV  
  62  5:15  Marine  
  62  5:16  SCV, Supply Depot, Marauder  
  62  5:17  Supply Depot  
  62  5:19  Marauder  
  68  5:21  Marine  
  68  5:22  SCV  
  68  5:28  SCV, Missile Turret  
  68  5:31  Missile Turret  
  68  5:32  Medivac  
  68  5:34  SCV  
  71  5:36  Medivac  
  71  5:40  SCV  
  71  5:41  Marine x2  
  75  5:43  Marauder  
  75  5:46  SCV, Marauder  
  75  5:48  Widow Mine  
  82  5:50  Widow Mine  
  82  5:52  SCV  
  85  5:58  SCV  
  85  5:59  Supply Depot  
  85  6:00  Marine  
  85  6:01  Marine  
  88  6:04  SCV  
  88  6:07  Marauder  
  88  6:09  Medivac  
  93  6:17  SCV  
  94  6:18  Supply Depot  
  94  6:19  Refinery  
  94  6:20  Marine x3  
  94  6:21  Widow Mine x2  
  94  6:24  SCV  
  102  6:39  Marine  
  102  6:40  SCV x2, Supply Depot, Marauder  
  102  6:46  Widow Mine  
  109  6:49  Widow Mine  
  109  6:52  SCV  
  98  6:55  Marine  
  98  6:57  Medivac x2  
  98  6:58  Marauder  
  97  7:01  Marauder  
  97  7:07  Widow Mine  
  95  7:11  Command Center, Widow Mine  
  95  7:20  SCV  
  92  7:25  Barracks  
  92  7:27  Medivac x2  
  92  7:28  SCV  
  92  7:29  Widow Mine  
  99  7:30  Barracks  
  99  7:32  SCV, Widow Mine  
  99  7:35  Terran Infantry Armor Level 1  
  100  7:37  Supply Depot, Marine  
  100  7:38  Marine  
  100  7:39  Concussive Shells  
  100  7:40  SCV  
  100  7:42  Marauder  
  105  7:44  Marauder  
  105  7:48  SCV  
  108  7:55  Widow Mine x2  
  112  7:59  SCV  
  112  8:03  SCV, Marauder  
  116  8:06  Marauder  
  118  8:14  Viking x2  
  118  8:16  Widow Mine x2, Barracks Tech Lab  
  118  8:19  Barracks Reactor  
  126  8:22  Supply Depot, Marine x2  
  126  8:23  SCV, Supply Depot  
  126  8:26  Orbital Command  
  129  8:28  Marine x2  
  129  8:30  SCV  
  132  8:35  SCV, Missile Turret  
  132  8:37  Widow Mine x2  
  137  8:42  SCV  
  137  8:43  Marine  
  137  8:44  Marine  
  137  8:45  Marauder  
  137  8:46  Marauder  
  144  8:53  Orbital Command  
  144  8:55  Viking x2  
  148  9:02  Armory  
  148  9:03  SCV  
  148  9:04  SCV, Engineering Bay  
  148  9:05  Marine  
  148  9:06  Marine  
  152  9:10  Marauder, Marine  
  152  9:15  SCV  
  152  9:16  SCV  
  157  9:29  Starport  
  157  9:30  Supply Depot  
  157  9:31  Supply Depot  
  157  9:32  Supply Depot  
  157  9:36  Missile Turret  
  157  9:38  Missile Turret  
  157  9:42  Marauder  
  157  9:51  Supply Depot  
  157  9:52  SCV x3, Supply Depot x2, Marine x4  
  164  10:03  Terran Ship Weapons Level 1, Terran Infantry Armor Level 2  
  164  10:04  SCV, Terran Infantry Weapons Level 2  
  165  10:08  Marine  
  165  10:09  Marauder  
  165  10:14  Marauder, Marine x2  
  161  10:22  Refinery x2, Marine x2  
  161  10:27  Marauder  
  156  10:36  Marine x2  
  156  10:39  Ghost Academy  
  156  10:41  Command Center  
  158  10:43  Viking x2  
  158  10:46  Marine x2  
  158  10:47  Marauder  
  166  10:52  Barracks  
  166  10:54  SCV  
  166  10:55  SCV, Barracks x2  
  168  10:58  SCV, Marine  
  168  10:59  Marine  
  168  11:02  Marauder  
  171  11:06  SCV, Marauder  
  171  11:09  Marine x2  
  171  11:10  Marauder  
  178  11:16  Liberator x2  
  184  11:29  Liberator x2  
  185  11:46  Barracks Reactor, Barracks Tech Lab x2  
  181  11:58  Marine x2  
  181  11:59  Marine, Liberator x2  
  192  12:07  Sensor Tower  
  192  12:08  Unknown  
  192  12:11  Liberator  
  192  12:14  Marauder, Marine x2  
  192  12:15  Marine  
  200  12:26  Unknown  
  192  12:34  Marine x3  
  192  12:35  Marauder  
  190  12:43  Marine  
  134  12:45  Marine x2  
  134  12:46  Marine  
Show
View Real Time Build Order
Export as new Build Order

Probe Protoss - Winner!

Build Orders: 1 Gate Expand, Phoenix Opening, Colossus Rush 

Get SALT Encoding   

  12  0:01  Probe  
  13  0:13  Probe  
  14  0:19  Pylon  
  14  0:24  Probe  
  15  0:33  Probe  
  15  0:37  Gateway  
  15  0:41  Probe  
  16  0:47  Assimilator  
  17  0:52  Probe  
  18  1:04  Probe  
  19  1:16  Probe  
  20  1:26  Cybernetics Core  
  20  1:34  Nexus  
  20  1:37  Probe  
  21  1:45  Pylon  
  21  1:50  Probe  
  21  1:53  Adept, Assimilator  
  22  2:02  Probe  
  25  2:10  Shield Battery  
  25  2:14  Probe  
  26  2:23  Adept  
  26  2:26  Stargate  
  26  2:28  Probe  
  28  2:40  Probe  
  28  2:42  Probe, Warp Gate  
  29  2:50  Probe  
  30  2:53  Probe  
  32  3:00  Probe  
  32  3:05  Probe  
  34  3:06  Adept  
  34  3:11  Phoenix  
  38  3:13  Probe  
  38  3:17  Probe  
  40  3:20  Pylon  
  40  3:25  Probe  
  41  3:29  Probe  
  42  3:37  Probe, Phoenix  
  45  3:45  Gateway  
  45  3:47  Probe, Gateway  
  46  3:49  Probe  
  47  3:56  Robotics Facility  
  47  3:59  Probe  
  47  4:01  Probe  
  49  4:07  Assimilator  
  49  4:09  Assimilator  
  49  4:10  Phoenix  
  49  4:11  Probe  
  49  4:13  Probe  
  53  4:17  Pylon  
  53  4:24  Probe  
  54  4:34  Pylon  
  54  4:35  Probe, Phoenix  
  54  4:36  Probe  
  58  4:47  Probe  
  58  4:48  Observer  
  58  4:52  Probe, Nexus  
  61  4:59  Probe  
  62  5:04  Robotics Bay  
  62  5:05  Probe  
  63  5:07  Sentry, Forge  
  63  5:10  Pylon  
  63  5:11  Observer  
  66  5:14  Probe  
  66  5:17  Probe  
  66  5:18  Pylon  
  68  5:30  Gateway  
  68  5:31  Gateway  
  68  5:34  Observer  
  68  5:37  Gateway  
  68  5:42  Probe x2, Colossus, Protoss Ground Weapons Level 1  
  71  5:44  Twilight Council  
  71  5:48  Pylon  
  71  5:56  Charge  
  77  6:04  Sentry, Zealot  
  77  6:07  Shield Battery  
  77  6:11  Shield Battery  
  81  6:12  Sentry  
  81  6:18  Probe x2  
  85  6:25  Zealot  
  85  6:27  Probe  
  85  6:30  Probe x2  
  85  6:31  Pylon  
  90  6:34  Zealot  
  90  6:38  Zealot x2  
  90  6:39  Probe  
  97  6:45  Colossus  
  89  6:58  Zealot x5  
  91  7:02  Probe  
  91  7:05  Probe  
  93  7:09  Probe  
  93  7:14  Probe  
  95  7:16  Sentry  
  95  7:17  Probe  
  95  7:21  Probe  
  99  7:26  Probe  
  99  7:29  Probe  
  101  7:32  Stalker x2  
  101  7:33  Probe, Zealot x2  
  110  7:39  Probe  
  110  7:40  Pylon  
  110  7:41  Pylon  
  110  7:43  Probe  
  110  7:44  Observer  
  113  7:45  Extended Thermal Lance  
  113  7:46  Pylon  
  113  7:55  Assimilator, Gateway  
  113  7:56  Gateway, Assimilator  
  113  7:59  Templar Archives  
  113  8:02  Colossus  
  119  8:06  Sentry, Zealot x2  
  125  8:15  Pylon x2  
  125  8:21  Shield Battery, Protoss Ground Armor Level 1  
  125  8:24  Stalker x3  
  131  8:32  Pylon  
  131  8:34  Pylon  
  125  8:48  Disruptor  
  125  8:52  Shield Battery, Pylon  
  125  8:55  Shield Battery, Zealot x6  
  140  9:04  Photon Cannon  
  140  9:05  Photon Cannon  
  139  9:16  High Templar  
  141  9:17  Zealot x6, High Templar  
  141  9:23  Pylon  
  155  9:24  Archon  
  155  9:28  Disruptor  
  158  9:33  Robotics Facility  
  158  9:38  Sentry, Zealot, Forge  
  160  9:39  Zealot x2  
  166  9:48  Probe x2  
  168  9:53  Protoss Ground Weapons Level 2  
  168  9:58  Photon Cannon  
  168  10:01  Stalker x5  
  176  10:19  Zealot x3  
  178  10:22  Disruptor  
  178  10:24  Protoss Ground Armor Level 2  
  178  10:25  Disruptor  
  184  10:31  Stalker x2  
  188  10:36  Pylon  
  188  10:46  Pylon, Nexus  
  188  10:49  Pylon  
  188  10:53  Pylon  
  188  10:57  Warp Prism  
  188  11:01  Psionic Storm  
  186  11:13  Disruptor  
  186  11:18  High Templar x2  
  191  11:22  Photon Cannon  
  191  11:24  Photon Cannon  
  187  11:29  Adept  
  187  11:30  High Templar x2  
  189  11:39  Disruptor  
  188  11:48  High Templar  
  188  11:53  Zealot  
  188  11:54  Zealot x4  
  200  11:58  Dark Shrine  
  192  12:02  Assimilator  
  192  12:04  Shield Battery, Assimilator  
  192  12:07  Shield Battery  
  182  12:24  Zealot x6  
  182  12:25  Zealot  
  162  12:46  Zealot x7  
  162  12:47  Zealot  
  162  12:50  Archon  
Tags
 
Add a new tag
Caveats
  • Supply blocks, unpowered buildings, or Contaminate may cause inaccurate times.
  • Supply counts are checked every 10 seconds.